 Dungeon Crawl Stone Soup version 0.27.1-34-g3ba077fa99 (webtiles) character file.

Game seed: 3733700711524884809

14 Delamore the Sneak (level 2, -1/19 HPs)
             Began as an Octopode Brigand on Feb 2, 2022.
             Slain by a jackal (2 damage)
             ... on level 1 of the Dungeon.
             The game lasted 00:00:17 (319 turns).

Delamore the Sneak (Octopode Brigand)                Turns: 319, Time: 00:00:18

Health: -1/19      AC:  1    Str: 10    XL:     2   Next: 41%
Magic:  2/2        EV: 12    Int: 13    God:
Gold:   18         SH:  0    Dex: 13    Spells: 1/1 levels left

rFire    . . .     SeeInvis .   a - +2 dagger
rCold    . . .     Faith    .   (no shield)
rNeg     . . .     Spirit   .   (helmet restricted)
rPois    .         Reflect  .   (no amulet)
rElec    .         Harm     .   (no ring)
rCorr    .         Rampage  .   (no ring)
Will     .....                  (no ring)
Stlth    ++++......             (no ring)
HPRegen  0.06/turn              (no ring)
MPRegen  0.08/turn              (no ring)
                                (no ring)
                                (no ring)

@: about to teleport
A: almost no armour, amphibious, 8 rings, camouflage 1, gelatinous body 1,
(nimble swimmer 1), tentacles
a: no special abilities


You were on level 1 of the Dungeon.
You visited 1 branch of the dungeon, and saw 1 of its levels.

You collected 18 gold pieces.

Inventory:

Hand Weapons
 a - a +2 dagger (weapon)
Missiles
 b - 8 poisoned darts (quivered)
 c - 2 curare-tipped darts
Scrolls
 e - a scroll of enchant armour {unknown}


   Skills:
 - Level 2.0 Fighting
 + Level 2.3 Short Blades
 - Level 2.0 Throwing
 - Level 1.0 Dodging
 * Level 6.0 Stealth


You had one spell level left.
You didn't know any spells.
Your spell library was empty.

Dungeon Overview and Level Annotations

Branches:
Dungeon (1/15)

Altars:


Innate Abilities, Weirdness & Mutations

You cannot wear most types of armour.
You are amphibious.
You can wear up to eight rings at the same time.
Your skin changes colour to match your surroundings (Stealth+).
Your rubbery body absorbs attacks. (AC +1, EV +1)
((You are camouflaged near water. (Stealth+)))
You have tentacles for arms and can constrict up to eight enemies at once.


Message History

The helpless bat fails to defend itself.
You impale the bat!!
You kill the bat!
Found a faded altar of an unknown god.
A jackal comes into view.
A hobgoblin comes into view.
Found an escape hatch in the floor.
The hobgoblin shouts!
The jackal barks! x2
Found 12 gold pieces.
The jackal closely misses you.
The jackal barks!
You hit the hobgoblin. You grab the hobgoblin.
The hobgoblin is lightly wounded.
You constrict the hobgoblin. The jackal bites you.
The hobgoblin barely misses you.
You hit the hobgoblin but do no damage.
The hobgoblin is heavily wounded.
You constrict the hobgoblin, but do no damage.
The jackal bites you but does no damage.
The jackal barely misses you. The jackal bites you. The hobgoblin hits you.
There are monsters nearby!
There are monsters nearby!
You hit the hobgoblin.
You squeeze the hobgoblin, but do no damage.
The hobgoblin is severely wounded.
You constrict the hobgoblin.
You kill the hobgoblin!
The jackal bites you. x3
* * * LOW HITPOINT WARNING * * *
The jackal closely misses you.
Your Stealth skill increases to level 6!
The jackal bites you.
* * * LOW HITPOINT WARNING * * *
The jackal bites you.
* * * LOW HITPOINT WARNING * * *
The jackal misses you. x2
You aren't carrying any potions.
As you read the scroll labelled PEEGRA VONOI, it crumbles to dust.
You feel strangely unstable.
It was a scroll of teleportation.
The jackal bites you.
You die...

..##.# #.##.#
#.##.# ##.##.#
##...#.#
##......####
##..............
##h..............
##.h@....#########
#†.h###.## #...##
..# ......## ....
$...._> #####.
....... . #####..
# ##. ##


You could see 3 jackals.

Vanquished Creatures
  2 dart slugs (D:1)
  2 bats (D:1)
  A giant cockroach (D:1)
  A goblin (D:1)
  2 hobgoblins (D:1)
8 creatures vanquished.

Notes
Turn   | Place    | Note
-------+----------+-------------------------------------------
     0 | D:1      | Delamore the Octopode Brigand began the quest for the Orb.
     0 | D:1      | Reached XP level 1. HP: 14/14 MP: 1/1
     2 | D:1      | Noticed a djinni
     2 | D:1      | Noticed a ghoul
     4 | D:1      | Noticed a palentonga
     4 | D:1      | Noticed an ogre
     6 | D:1      | Noticed a demigod
     8 | D:1      | Noticed a formicid
     8 | D:1      | Noticed a minotaur
    10 | D:1      | Noticed a draconian
    10 | D:1      | Noticed a tengu
    12 | D:1      | Noticed a felid
    14 | D:1      | Noticed a spriggan
    16 | D:1      | Noticed a demonspawn
    16 | D:1      | Noticed a merfolk
    18 | D:1      | Noticed an elf
    18 | D:1      | Noticed a naga
    20 | D:1      | Noticed a human
    20 | D:1      | Noticed a vampire
    22 | D:1      | Noticed a troll
    22 | D:1      | Noticed a barachi
    24 | D:1      | Noticed a vine stalker
    24 | D:1      | Noticed a dwarf
    26 | D:1      | Noticed an octopode
    26 | D:1      | Noticed a gargoyle
    82 | D:1      | Reached XP level 2. HP: 12/19 MP: 2/2
   308 | D:1      | Found a faded altar of an unknown god.
   317 | D:1      | Reached skill level 6 in Stealth
   319 | D:1      | Slain by a jackal

Illustrated notes

Levels and vault maps discovered:
D:1:      kb_arrival_jail, layout_loops_ring,
          hellmonk_ecumenical_altar_crossroads, serial_shops, shop

Skill      XL: |  1  2 |
---------------+-------+-----
Stealth        | 6 |  6.0
Fighting       | |  2.0
Short Blades   | |  2.3
Throwing       | |  2.0
Dodging        | |  1.0

Action                   || total
-------------------------++-------
Melee: Dagger            ||    20
       Constrict         ||     4
       Tentacles         ||     4
  Use: Scroll            ||     1
 Stab: Sleeping          ||     3
Armor: Skin              ||     3
Dodge: Dodged            ||    20
